 Dungeon Crawl Stone Soup version 0.30.1-9-gdf580d7c3d (webtiles) character file.

Game seed: 2081762789686566028

64 tizbic2 the Nimble (level 4, -1/34 HPs)
             Began as a Gnoll Wanderer on Sept 30, 2023.
             Succumbed to Jessica's poison
             ... on level 2 of the Dungeon.
             The game lasted 00:05:40 (1479 turns).

tizbic2 the Nimble (Gnoll Wanderer)                 Turns: 1479, Time: 00:05:41

Health: -1/34      AC:  6    Str: 10    XL:     4   Next: 12%
Magic:  8/8        EV: 11    Int: 10    God:
Gold:   163        SH:  8    Dex: 16    Spells: 9/9 levels left

rFire   + . .        a - +2 broad axe (pain)
rCold   . . .        s - +0 kite shield
rNeg    . . .        d - +0 ring mail
rPois   .            b - +0 helmet
rElec   .            (no cloak)
rCorr   .            (no gloves)
SInv    +            (no boots)
Will    .....        (no amulet)
Stlth   +            f - ring of see invisible
HPRegen 0.25/turn    n - ring of protection from fire
MPRegen 0.11/turn

%: no passive effects
@: lethally poisoned (-1 -> -3), on berserk cooldown, slowed, invisible, very
slow
A: fangs 1, strong nose, distributed training
a: no special abilities


You were on level 2 of the Dungeon.
You visited 1 branch of the dungeon, and saw 2 of its levels.

You collected 163 gold pieces.

Inventory:

Hand Weapons
 a - a +2 broad axe of pain (weapon)
 q - a +1 dagger
 w - a +0 sling
Missiles
 h - 2 poisoned darts
 i - 11 stones
 j - 6 datura-tipped darts
Armour
 b - a +0 helmet (worn)
 d - a +0 ring mail (worn)
 k - a +0 leather armour
 s - a +0 kite shield (worn)
Jewellery
 f - a ring of see invisible (left hand)
 n - a ring of protection from fire (right hand)
Wands
 e - a wand of mindburst (10) (quivered)
Scrolls
 l - a scroll of identify
 o - a scroll of teleportation {unknown}
 t - a scroll of blinking {unknown}
Potions
 g - 2 potions of might


   Skills:
 + Level 2.7 Fighting
 + Level 1.1 Short Blades
 + Level 1.1 Long Blades
 + Level 1.1 Axes
 + Level 1.1 Maces & Flails
 + Level 1.1 Polearms
 + Level 1.1 Staves
 + Level 1.1 Ranged Weapons
 + Level 1.1 Throwing
 + Level 1.1 Armour
 + Level 8.5 Dodging
 + Level 1.1 Stealth
 + Level 1.1 Shields
 + Level 1.1 Unarmed Combat
 + Level 3.0 Spellcasting
 + Level 0.8 Conjurations
 + Level 0.8 Hexes
 + Level 0.8 Summonings
 + Level 0.8 Necromancy
 + Level 0.8 Translocations
 + Level 2.2 Transmutations
 + Level 0.8 Fire Magic
 + Level 0.8 Ice Magic
 + Level 0.8 Air Magic
 + Level 0.8 Earth Magic
 + Level 0.8 Poison Magic
 + Level 1.2 Invocations
 + Level 6.6 Evocations


You had 9 spell levels left.
You didn't know any spells.
Your spell library contained the following spells:

 Spells                   Type           Power      Damage    Failure   Level
 Wereblood                Tmut           5%         N/A       93%         2
 Passwall                 Tmut/Erth      3%         N/A       97%         2


Dungeon Overview and Level Annotations

Branches:
Dungeon (2/15)

Altars:


Innate Abilities, Weirdness & Mutations

You have very sharp teeth.
Your uncanny sense of smell can sniff out nearby items.
Your experience applies equally to all skills.


Message History

You are lethally poisoned!
Jessica barely misses you.
You strike the helpless Jessica from behind!
You slash Jessica!
You kill Jessica!
* * * LOW HITPOINT WARNING * * *
You feel very sick.
Your Short Blades skill increases to level 1!
Your Long Blades skill increases to level 1!
Your Axes skill increases to level 1!
Your Maces & Flails skill increases to level 1!
Your Polearms skill increases to level 1!
Your Staves skill increases to level 1!
Your Ranged Weapons skill increases to level 1!
Your Throwing skill increases to level 1!
Your Armour skill increases to level 1!
Your Stealth skill increases to level 1!
Your Shields skill increases to level 1!
Your Unarmed Combat skill increases to level 1!
Your Spellcasting skill increases to level 3!
You have reached level 4!
You feel agile.
Things that are here:
a +1 dagger of venom; a +0 robe; the human corpse of Jessica You feel a strong urge to attack something.
* * * LOW HITPOINT WARNING * * *
You feel sick.
There is an escape hatch in the ceiling here.
* * * LOW HITPOINT WARNING * * *
You feel sick.
Things that are here:
a +1 dagger of venom; a +0 robe; the human corpse of Jessica You feel your anger nearly subside.
You are no longer berserk.
You are exhausted.
You feel yourself slow down.
Okay, then.
As you read the scroll labelled FUHUSU FAYFO, it crumbles to dust.
The air around you briefly surges with heat, but it dissipates.
It was a scroll of immolation.
You die...

..#..........# ...#.#.######
.............# .......#.....
....##'#.....# ##.#......###
....##.#.###.# ∆ ..........#
##.###.#.# ... ...##.....#
##.###.#.# #######.####.....###
##..##...# #
#...................
###..#####.#
#.###..########.#### #
##'#####.# #.<@............<..#
#
#........#.####.#...#######....
# #........#..........##
#....#.# #
#........###.###.....###.#.....
#
#............###.......#.##.#.#
#.........###..........#.##.#.#
#.........# #.##.......#.#..#.#
#.........###.##.#######.#.##.#
########>............# #.#.##.#


There were no monsters in sight!

Vanquished Creatures
  Jessica (D:2)
  4 worms (D:2)
  A dart slug (D:1)
  3 ball pythons (D:1)
  4 bats
  An endoplasm (D:1)
  A hobgoblin (D:1)
  3 quokkas (D:1)
  4 goblins
  3 kobolds (D:1)
  A rat (D:1)
26 creatures vanquished.

Notes
Turn   | Place    | Note
-------+----------+-------------------------------------------
     0 | D:1      | tizbic2 the Gnoll Wanderer began the quest for the Orb.
     0 | D:1      | tizbic2 set off with the following items: a +0 dagger, a +0
                  | helmet, a potion of berserk rage, a +0 robe, a wand of
                  | mindburst (11); and the following spells available to
                  | memorise: Wereblood, Passwall.
     0 | D:1      | Reached XP level 1. HP: 17/17 MP: 4/4
   217 | D:1      | Reached XP level 2. HP: 23/23 MP: 5/5
  1039 | D:2      | Reached XP level 3. HP: 28/28 MP: 7/7
  1320 | D:2      | Reached skill level 1 in Invocations
  1461 | D:2      | Noticed Jessica
  1474 | D:2      | Killed Jessica
  1474 | D:2      | HP: 2/42 [poisoned by Jessica]
  1475 | D:2      | Reached skill level 1 in Short Blades
  1475 | D:2      | Reached skill level 1 in Long Blades
  1475 | D:2      | Reached skill level 1 in Axes
  1475 | D:2      | Reached skill level 1 in Maces & Flails
  1475 | D:2      | Reached skill level 1 in Polearms
  1475 | D:2      | Reached skill level 1 in Staves
  1475 | D:2      | Reached skill level 1 in Ranged Weapons
  1475 | D:2      | Reached skill level 1 in Throwing
  1475 | D:2      | Reached skill level 1 in Armour
  1475 | D:2      | Reached skill level 1 in Stealth
  1475 | D:2      | Reached skill level 1 in Shields
  1475 | D:2      | Reached skill level 1 in Unarmed Combat
  1475 | D:2      | Reached XP level 4. HP: 2/34 MP: 8/8
  1479 | D:2      | Succumbed to Jessica's poison

Illustrated notes

Levels and vault maps discovered:
D:1:      psy_arrival_basics, layout_loops_ring, serial_rivers,
          chequers_serial_rivers_small_a, chequers_serial_rivers_room_b,
          chequers_serial_rivers_large_a, chequers_serial_rivers_micro_a,
          chequers_serial_rivers_marsh
D:2:      layout_basic, uniq_jessica

Skill      XL: |  1  2  3 |
---------------+----------+-----
Transmutations | 2 |  2.2
Invocations    | 1 |  1.2
Short Blades   | 1 |  1.1
Long Blades    | 1 |  1.1
Axes           | 1 |  1.1
Maces & Flails | 1 |  1.1
Polearms       | 1 |  1.1
Staves         | 1 |  1.1
Ranged Weapons | 1 |  1.1
Throwing       | 1 |  1.1
Armour         | 1 |  1.1
Stealth        | 1 |  1.1
Shields        | 1 |  1.1
Unarmed Combat | 1 |  1.1
Spellcasting   | 3 |  3.0
Fighting       | |  2.7
Dodging        | |  8.5
Conjurations   | |  0.8
Hexes          | |  0.8
Summonings     | |  0.8
Necromancy     | |  0.8
Translocations | |  0.8
Fire Magic     | |  0.8
Ice Magic      | |  0.8
Air Magic      | |  0.8
Earth Magic    | |  0.8
Poison Magic   | |  0.8
Evocations     | |  6.6

Action                     |  1- 3 |  4- 6 || total
---------------------------+-------+-------++-------
  Melee: Dagger            |   111 |       ||   111
         Bite              |    20 |       ||    20
         Broad axe         |    14 |       ||    14
   Fire: Sling             |     3 |       ||     3
  Throw: Dart              |     1 |       ||     1
  Evoke: Wand              |     1 |       ||     1
    Use: Scroll            |     2 |     1 ||     3
         Potion            |     3 |       ||     3
   Stab: Sleeping          |     1 |       ||     1
         Invisible         |     2 |       ||     2
 Armour: Robe              |    10 |       ||    10
         Ring mail         |    27 |       ||    27
         Leather armour    |     4 |       ||     4
  Dodge: Dodged            |    76 |       ||    76
  Block: Kite shield       |     2 |       ||     2
